 Dungeon Crawl Stone Soup version 0.28.0-43-g3370ac3207 (webtiles) character file.

Game seed: 1946934274844011189

5539 croobank the Arsonist (level 10, -1/80 HPs)
             Began as a Green Draconian Fire Elementalist on Mar 29, 2022.
             Shot with a sling bullet by Joseph (12 damage)
             ... on level 7 of the Dungeon.
             The game lasted 00:48:59 (12037 turns).

croobank the Arsonist (DrFE)                       Turns: 12037, Time: 00:49:00

Health: -1/80      AC:  8    Str: 10    XL:     10   Next: 43%
Magic:  3/18       EV: 15    Int: 19    God:
Gold:   359        SH:  0    Dex: 13    Spells: 10/20 levels left

rFire   . . .      SeeInvis .   a - +2 dagger (freeze)
rCold   . . .      Faith    .   (no shield)
rNeg    . . .      Spirit   .   (armour unavailable)
rPois   +          Reflect  .   (helmet restricted)
rElec   .          Harm     .   (no cloak)
rCorr   .          Rampage  .   (no gloves)
Will    .....                   o - +0 pair of boots
Stlth   ++........              y - amulet of the acrobat
HPRegen 0.23/turn               C - ring of wizardry
MPRegen 0.16/turn               D - ring of flight

@: flying, very slightly contaminated
A: breathe noxious fumes, AC +7, unfitting armour, poison resistance,
cold-blooded
a: Breathe Noxious Fumes


You were on level 7 of the Dungeon.
You visited 1 branch of the dungeon, and saw 9 of its levels.
You also visited: Sewer.

You collected 624 gold pieces.
You spent 265 gold pieces at shops.

Inventory:

Hand Weapons
 a - a +2 dagger of freezing (weapon)
 b - a +0 hunting sling
 t - a +1 dagger of draining
 I - a +0 shortbow
 P - a +5 spear of venom
 R - a +2 falchion of flaming
 U - the +7 great mace of Dishonour {holy, rElec rPois Str+2}
   (You took it off a gnoll shaman on level 9 of the Dungeon)

   It has been blessed by the Shining One to cause great damage to the undead
   and demons.
   Str:       It affects your strength (+2).
   rElec:     It insulates you from electricity.
   rPois:     It protects you from poison.
 V - a +2 trident of venom
Missiles
 e - 300 stones
 f - 9 atropa-tipped darts
 h - 4 curare-tipped darts
 j - 25 poisoned darts
 p - 107 arrows
 L - 44 sling bullets
 S - a boomerang
Armour
 o - a +0 pair of boots (worn)
 Q - a +0 kite shield
Jewellery
 n - a ring of poison resistance
 y - an amulet of the acrobat (around neck)
 C - a ring of wizardry (left hand)
 D - a ring of flight (right hand)
Wands
 x - a wand of digging (2)
 E - a wand of acid (9)
 J - a wand of flame (19)
Scrolls
 k - 4 scrolls of teleportation
 l - a scroll of identify
 m - a scroll of fear
 r - 4 scrolls of enchant armour
 s - a scroll of blinking
 w - 2 scrolls of enchant weapon {unknown}
 F - a scroll of torment {unknown}
 G - 3 scrolls of noise {unknown}
 H - a scroll of silence {unknown}
 K - a scroll of immolation
 O - a scroll of fog
 T - a scroll of vulnerability {unknown}
Potions
 c - 3 potions of curing
 d - 2 potions of attraction
 g - 4 potions of mutation
 i - 3 potions of flight
 q - a potion of magic
 v - 3 potions of might
 z - a potion of resistance {unknown}
 A - a potion of heal wounds {unknown}
 B - a potion of invisibility
 M - a potion of berserk rage {unknown}
 N - a potion of lignification {unknown}


   Skills:
 + Level 4.5 Fighting
 + Level 4.1 Short Blades
 + Level 8.8 Dodging
 - Level 1.7 Stealth
 + Level 5.7 Spellcasting
 - Level 4.0 Conjurations
 - Level 8.9 Fire Magic


You had 10 spell levels left.
You knew the following spells:

 Your Spells              Type           Power      Damage    Failure   Level
a - Foxfire               Conj/Fire      100%       2x1d9     1%          1
b - Scorch                Fire           78%        2d9       1%          2
c - Flame Wave            Conj/Fire      30%        2d8       3%          4
d - Beastly Appendage     Tmut           10%        N/A       4%          1
e - Wereblood             Tmut           5%         N/A       7%          2

Your spell library contained the following spells:

 Spells                   Type           Power      Damage    Failure   Level
 Conjure Flame            Conj/Fire      30%        6-21      1%          3
 Inner Flame              Hex/Fire       22%        N/A       2%          3
 Animate Skeleton         Necr           10%        N/A       4%          1
 Pain                     Necr           20%        1d5       4%          1
 Fireball                 Conj/Fire      15%        3d8       9%          5
 Spider Form              Tmut/Pois      5%         N/A       14%         3
 Vampiric Draining        Necr           5%         2d6       14%         3
 Iskenderun's Battlesphe  Conj           20%        2d7       24%         5
 Conjure Ball Lightning   Conj/Air       6%         3x3d6     95%         6
 Orb of Destruction       Conj           10%        9d6       99%         7


Dungeon Overview and Level Annotations

Branches:
Dungeon (9/15)               Lair (0/6) D:8           Sewer (visited)
 Temple: D:4-7          Orc: D:9-12

Altars:
Elyvilon
Fedhas
Gozag
Okawaru
Qazlal
Uskayaw
Vehumet
Xom
The Shining One

Shops:
D:3 [(?

Annotations:
D:7 exclusion: statue, Joseph


Innate Abilities, Weirdness & Mutations

You can breathe blasts of noxious fumes.
Your lurid green scales are hard. (AC +7)
You cannot fit into any form of body armour.
Your system is resistant to poisons. (rPois)
You are cold-blooded and may be slowed by cold attacks.


Message History

Joseph barely misses you. The steam dragon bites you.
* * * LOW HITPOINT WARNING * * *
The steam dragon claws you but does no damage.
Casting: Scorch (safe; 1% risk of failure)
Confirm with . or Enter, or press ? or * to list all spells.
Casting: Flame Wave (dangerous; 3% risk of failure)
Press: ? - help, Dir - look around, f - activate You miscast Flame Wave.
You are very lightly contaminated with residual magic.
Nothing appears to happen.
You are engulfed in a cloud of scalding steam.
* * * LOW HITPOINT WARNING * * *
Joseph barely misses you. The steam dragon bites you!
* * * LOW HITPOINT WARNING * * *
The steam dragon claws you but does no damage.
Casting: Flame Wave (dangerous; 3% risk of failure)
Confirm with . or Enter, or press ? or * to list all spells.
Okay, then.
Blink to where?
Press: ? - help, Dir - move target
As you read the scroll of blinking, it crumbles to dust.
As you read the scroll of summoning, it crumbles to dust.
Wisps of shadow whirl around you...
You have got your breath back.
You swap places.
Joseph unwields a +0 quarterstaff.
Joseph wields a +0 hunting sling.
Joseph shoots a sling bullet.
The sling bullet closely misses your sky beast.
The sling bullet barely misses you.
Joseph shoots a sling bullet.
The sling bullet hits your orc!
Your orc dies!
Your orc's corpse dissolves into shadows!
Casting: Flame Wave (dangerous; 3% risk of failure)
Confirm with . or Enter, or press ? or * to list all spells.
You conjure some foxfire!
Joseph smiles happily.
Joseph shoots a sling bullet.
The sling bullet barely misses your sky beast.
The sling bullet closely misses your foxfire.
The sling bullet hits you!
You die...

....#####.##.........####
..........##.#.#.###.#...
## ..#.#...###...#.#
#..... .. #....##
#.###.###.#... .. #.####
#.#)......#### #.
#.#######......#### #.
###......[..#.#### #.
#.@.Y.v.v..##.
####.###.##.##@##.##.
#......D.##.##.# ## #
#.##.##D.##..... #
#..§.....##.## ####
####.§##..... ######...
#........# ####......##
..#####..# #....####.##
### ##.. ............
..#.##.#..#


You could see Joseph (combustible, ally target) and a friendly sky beast
(summoned).

Vanquished Creatures
  A troll (D:6)
  Prince Ribbit (D:5)
  Grinder (D:4)
  2 wyverns (D:8)
  5 yaks (D:9)
  3 wargs (D:8)
  Menkaure (D:4)
  5 water moccasins
  An acid dragon (D:9)
  3 sky beasts
  An ice beast (D:7)
  2 orc warriors
  A black bear (D:6)
  A necrophage (D:6)
  A centaur (D:6)
  3 kobold brigands
  2 gnoll sergeants
  2 bullfrogs
  A wyvern zombie (D:6)
  2 howler monkeys
  A bullfrog zombie (D:6)
  2 centaur zombies
  2 hounds (D:6)
  3 gnoll shamans
  4 orc priests (D:8)
  3 bullfrog skeletons
  A centaur skeleton (D:7)
  4 iguanas
  Natasha (twice) (D:4)
  7 orc wizards
  2 killer bee zombies
  21 gnolls
  A howler monkey skeleton (D:6)
  14 adders
  3 river rats
  2 white imps
  3 ufetubi (D:6)
  A worm (D:2)
  2 dart slugs
  24 orcs
  7 ball pythons
  5 bats
  5 endoplasms
  3 giant cockroaches
  4 hobgoblins
  4 jackals
  2 quokkas (D:1)
  3 frilled lizards
  8 goblins
  15 kobolds
  12 rats
209 creatures vanquished.

Vanquished Creatures (collateral kills)
  A bullfrog (D:8)
  An orc priest (D:8)
  3 foxfires
5 creatures vanquished.

Vanquished Creatures (others)
  260 foxfires
  A plant (Sewer)
261 creatures vanquished.

Grand Total: 475 creatures vanquished

Notes
Turn   | Place    | Note
-------+----------+-------------------------------------------
     0 | D:1      | croobank the Draconian Fire Elementalist began the quest
                  | for the Orb.
     0 | D:1      | Reached XP level 1. HP: 14/14 MP: 3/3
   271 | D:1      | Reached XP level 2. HP: 20/20 MP: 1/5
   312 | D:1      | Learned a level 2 spell: Scorch
  1459 | D:2      | Reached XP level 3. HP: 26/26 MP: 5/7
  2436 | D:2      | Found a faded altar of an unknown god.
  2609 | D:3      | Found Woshrup's Weapon Shop.
  2661 | D:3      | Reached XP level 4. HP: 30/33 MP: 2/8
  2865 | D:3      | Found Caacw's Armour Shoppe.
  2928 | D:3      | Identified the +1 chain mail "Feun" {Regen+ Dex+2}
  3130 | D:3      | Found Yrphimuo's Magic Scroll Shop.
  3141 | D:3      | Bought 2 scrolls of enchant armour for 150 gold pieces
  3141 | D:3      | Bought a scroll of identify for 20 gold pieces
  3141 | D:3      | Bought a scroll of identify for 20 gold pieces
  3141 | D:3      | Bought a scroll of identify for 20 gold pieces
  3141 | D:3      | Bought a scroll of identify for 20 gold pieces
  3196 | D:3      | Bought a scroll of magic mapping for 35 gold pieces
  3551 | D:4      | Noticed Menkaure
  3556 | D:4      | Killed Menkaure
  3557 | D:4      | Reached XP level 5. HP: 30/38 MP: 5/11
  3645 | D:4      | Found a glowing drain.
  3648 | D:4      | Noticed Natasha
  3662 | D:4      | Killed Natasha
  3811 | Sewer    | Entered a sewer
  3817 | Sewer    | Learned a level 4 spell: Flame Wave
  3836 | Sewer    | Reached XP level 6. HP: 45/45 MP: 7/12
  4946 | D:4      | Found an iron altar of Okawaru.
  4981 | D:4      | Noticed Natasha
  4988 | D:4      | Killed Natasha
  4989 | D:4      | Your scales start taking on a lurid green colour.
  4989 | D:4      | Reached XP level 7. HP: 45/50 MP: 4/13
  4989 | D:4      | Gained mutation: Your system is resistant to poisons.
                  | (rPois) [Green Draconian growth]
  5094 | D:4      | Found a hide-covered altar of Uskayaw.
  5223 | D:4      | Noticed Grinder
  5232 | D:4      | Killed Grinder
  5233 | D:4      | Reached skill level 5 in Fire Magic
  5502 | D:5      | Entered Level 5 of the Dungeon
  5613 | D:5      | Noticed Prince Ribbit
  5624 | D:5      | Killed Prince Ribbit
  5625 | D:5      | Reached skill level 5 in Dodging
  5625 | D:5      | Reached XP level 8. HP: 57/57 MP: 4/14
  5888 | D:5      | Found a white marble altar of Elyvilon.
  6293 | D:5      | Learned a level 1 spell: Beastly Appendage
  6296 | D:5      | Learned a level 2 spell: Wereblood
  6344 | D:5      | Found a stormy altar of Qazlal.
  6893 | D:6      | Found an opulent altar of Gozag.
  7479 | D:6      | Reached XP level 9. HP: 48/62 MP: 1/15
  7634 | D:6      | Noticed a boulder beetle
  7634 | D:6      | Noticed a troll
  8439 | D:6      | Killed a troll
  8756 | D:7      | Found a faded altar of an unknown god.
  8756 | D:7      | Found a shimmering altar of Xom.
  8764 | D:7      | Found a faded altar of an unknown god.
  8766 | D:7      | Found a glowing golden altar of the Shining One.
  8768 | D:7      | Found a blossoming altar of Fedhas.
  8793 | D:7      | You are sucked into a shaft and drop 2 floors!
  9264 | D:8      | HP: 1/62 [warg (9)]
  9274 | D:8      | Reached skill level 1 in Fighting
  9274 | D:8      | Reached skill level 1 in Short Blades
  9700 | D:8      | Found a staircase to the Lair.
 10247 | D:8      | Reached skill level 5 in Spellcasting
 10247 | D:8      | Reached XP level 10. HP: 77/77 MP: 12/17
 11533 | D:9      | Identified the +7 great mace of Dishonour {holy, rElec
                  | rPois Str+2}
 11977 | D:7      | Found a radiant altar of Vehumet.
 12017 | D:7      | Noticed Joseph
 12037 | D:7      | Shot with a sling bullet by Joseph

Illustrated notes

Levels and vault maps discovered:
D:1:      dpeg_arrival_arbitrary_b, layout_basic, chequers_serial_rivers_room_b
D:2:      minmay_angry_zag, layout_basic, dilly_ecumenical_altar_fadedgnrine,
          kennysheep_small_spiral
D:3:      layout_loops_corners, serial_aquarium, aquarium_bridge_square
          [aquarium_subvault_bridge, aquarium_subvault_wall,
          aquarium_subvault_window, aquarium_subvault_balcony],
          aquarium_bridge_square [aquarium_subvault_bridge,
          aquarium_subvault_bridge, aquarium_subvault_wall,
          aquarium_subvault_window], aquarium_window_fake, aquarium_window_fake,
          aquarium_window_1, aquarium_view_2c, aquarium_balcony_3a,
          aquarium_pool_2, serial_shops, shop, shop, shop_coins
D:4:      layout_basic, general_overflow_altar,
          nicolae_uskayaw_murder_on_the_dancefloor, portal_sewer_entry_a,
          st_stairs_2, hangedman_glass_teeth, uniq_natasha, uniq_grinder,
          uniq_menkaure
D:5:      nicolae_cairo_tiling, layout_basic, nicolae_elyvilon_peaceful_grove,
          kennysheep_mini, uniq_prince_ribbit1
D:6:      kennysheep_windowed_halls, layout_gridville, grunt_gozag_statues
D:7:      layout_loops_cross, vehumet_statue,
          chequers_temple_overflow_minitemple, temple_fountains, moated_statue,
          uniq_joseph
D:8:      layout_basic, erik_lair_orcish_takeover
D:9:      layout_loops_ring

Skill      XL: |  1  2  3  4  5  6  7  8  9 10 |
---------------+-------------------------------+-----
Conjurations   | 2 4 |  4.0
Spellcasting   | 3 4 5 |  5.7
Dodging        | 2 3 5 6 8 |  8.8
Fire Magic     | 4 6 7 8 |  8.9
Fighting       | 3 4 |  4.5
Short Blades   | 2 4 |  4.1
Stealth        | |  1.7

Action                   |  1- 3 |  4- 6 |  7- 9 | 10-12 || total
-------------------------+-------+-------+-------+-------++-------
Melee: Unarmed           |     2 |       |       |       ||     2
       Dagger            |     5 |    15 |    37 |    19 ||    76
       Punch             |       |     1 |       |     2 ||     3
       Tailslap          |       |       |     5 |     4 ||     9
 Cast: Foxfire           |    43 |    40 |    68 |     9 ||   160
       Scorch            |    18 |    23 |   111 |    58 ||   210
       Beastly Appendage |       |       |     1 |       ||     1
       Flame Wave        |       |       |     2 |       ||     2
 Abil: Breathe Noxious F |       |       |    34 |     8 ||    42
  Use: Scroll            |       |     9 |     9 |     2 ||    20
       Potion            |       |     3 |     2 |       ||     5
 Stab: Confused          |       |       |     1 |     1 ||     2
Armor: Skin              |     5 |     7 |    16 |     6 ||    34
Dodge: Dodged            |    12 |    16 |    70 |    37 ||   135
